 Dungeon Crawl Stone Soup version 0.18-b1-18-g7758cf2 (webtiles) character file.

9303 Gargoyl the Protected (level 11, 0/86 HPs)
             Began as a Demonspawn Abyssal Knight on May 2, 2016.
             Was a Priest of Lugonu.
             Slain by a seven-headed hydra (10 damage)
             ... on level 1 of the Lair of Beasts.
             The game lasted 00:30:11 (10344 turns).

Gargoyl the Protected (Demonspawn Abyssal Knight)  Turns: 10344, Time: 00:30:12

Health: 0/86       AC: 16    Str: 18    XL:     11   Next: 21%
Magic:  23/23      EV:  9    Int: 14    God:    Lugonu [***...]
Gold:   655        SH:  0    Dex: 12    Spells: 0 memorised, 10 levels left

rFire  + . .     SeeInvis +     E - +3 battleaxe (flame)
rCold  . . .     Gourm    .     o - +0 plate armour
rNeg   . . .     Faith    .     (shield currently unavailable)
rPois  .         Spirit   .     (helmet unavailable)
rElec  .         Dismiss  .     g - +0 cloak
rCorr  .         Reflect  .     (no gloves)
SustAt .         Harm     +     (no boots)
MR     .....                    J - amulet of harm
Stlth  ..........               G - +2 ring of strength
                                D - ring "Ewigrem" {rF+ MP+9}

@: not resistant to hostile enchantments, extremely unstealthy
A: antennae 3, hooves 2, blurry vision 1, sense surroundings 2, powered by death
2, spiny 2, evolution 2, sturdy frame 2
a: Depart the Abyss, Bend Space, Banish, Renounce Religion


You were on level 1 of the Lair of Beasts.
You worshipped Lugonu.
Lugonu was most pleased with you.
You were not hungry.

You visited 2 branches of the dungeon, and saw 11 of its levels.
You visited the Abyss 1 time.

You collected 800 gold pieces.
You spent 145 gold pieces at shops.

Inventory:

Hand Weapons
 E - a +3 battleaxe of flaming (weapon)
 F - a +1 dire flail of draining
 H - a +0 battleaxe
Armour
 g - a +0 cloak (worn)
 o - a +0 plate armour (worn)
Jewellery
 s - an uncursed amulet of faith
 w - an uncursed ring of ice
 D - the ring "Ewigrem" (left hand) {rF+ MP+9}
   (You bought it in a shop on level 6 of the Dungeon)

   [ring of magical power]

   It protects you from fire.
   It affects your magic capacity (+9).
 G - a +2 ring of strength (right hand)
 J - an amulet of harm (around neck)
 N - a +1 ring of slaying {unknown}
Wands
 e - a wand of lightning (5/15)
 l - a wand of paralysis (9/24)
 m - a wand of disintegration (19/24)
 v - a wand of teleportation (5/9)
 x - a wand of paralysis (9/24)
 y - a wand of iceblast (11/15)
 B - a wand of digging (12/24)
Scrolls
 h - a scroll of remove curse
 j - a scroll of identify
 q - 2 scrolls of teleportation
 I - a scroll of fear
Potions
 f - a potion of might {unknown}
 i - 4 potions of flight
 k - 2 potions of degeneration {unknown}
 n - a potion of resistance {unknown}
 r - 3 potions of brilliance
 t - a potion of agility
 z - a potion of invisibility
 A - a potion of cancellation {unknown}
 C - a potion of magic {unknown}
 L - a potion of cure mutation {unknown}
Books
 u - a book of Conjurations

   Spells                             Type                      Level
   a - Magic Dart                     Conjuration                  1
   b - Searing Ray                    Conjuration                  2
   c - Dazzling Spray                 Conjuration/Hexes            3
   d - Fulminant Prism                Conjuration/Hexes            4
   e - Iskenderun's Mystic Blast      Conjuration                  4
   f - Iskenderun's Battlesphere      Conjuration/Charms           5
 K - a book of Death

   Spells                             Type                      Level
   a - Corpse Rot                     Necromancy                   2
   b - Sublimation of Blood           Necromancy                   2
   c - Agony                          Necromancy                   5
   d - Dispel Undead                  Necromancy                   5
   e - Excruciating Wounds            Charms/Necromancy            5
   f - Bolt of Draining               Conjuration/Necromancy       5
Comestibles
 b - 6 beef jerkies
 c - 5 bread rations
 d - a slice of pizza
 p - 4 meat rations
 M - 4 chunks of flesh


   Skills:
 + Level 7.9 Fighting
 + Level 7.2 Axes
 * Level 11.8 Armour
 + Level 3.9 Dodging
 + Level 1.0 Stealth
 + Level 5.0 Invocations
 + Level 0.4 Evocations


You had 10 spell levels left.
You didn't know any spells.

Dungeon Overview and Level Annotations

Branches:
Dungeon (10/15)            Temple (0/1) D:4            Lair (1/8) D:10
    Orc: D:9-12

Altars:
Ashenzari
Elyvilon
Fedhas
Gozag
Nemelex Xobeh
Ru
Trog
Vehumet
Xom
The Shining One

Shops:
D:6 *   D:10 :

Annotations:
Lair:1 Gastronok


Innate Abilities, Weirdness & Mutations

You have a pair of large antennae on your head (SInv).
You regenerate health from kills.
You are mostly covered in sharp spines.
You have hoof-like feet.
Scrolls take you a little longer to read.
You passively map the area around you.
You rapidly evolve.
Your movements are less encumbered by armour (ER -4).


Message History

Your kick misses the seven-headed hydra.
The seven-headed hydra is almost dead.
The seven-headed hydra bites you but does no damage.
The seven-headed hydra bites you.
* * * LOW HITPOINT WARNING * * *
The seven-headed hydra closely misses you.
The seven-headed hydra bites you but does no damage.
The seven-headed hydra bites you!
* * * LOW HITPOINT WARNING * * *
The seven-headed hydra bites you.
* * * LOW HITPOINT WARNING * * *
The seven-headed hydra bites you but does no damage.
Drink which item? (? for menu, Esc to quit)
You feel better.
The seven-headed hydra is struck by your spines.
The seven-headed hydra bites you but does no damage.
The seven-headed hydra barely misses you. x2
The seven-headed hydra bites you but does no damage. x2
The seven-headed hydra bites you!
You die...

, #..... ##.#.., ,, * * *..##.#
.....** * #.##.# ##...# , *
#.##.# ##....# , , , ##.##.##
..##.## ≈....≈≈♣#.#
#......#*#.##..###
≈.....≈♣#....#..#...###.##÷..P#
.≈..............D....#........#
≈.≈...≈≈♣...####@.......##...##
.≈.≈≈≈.....# ##........#...#.#
≈.≈≈≈≈≈≈...#
##.........##..#####
.≈≈≈≈≈.♣...#
#..............††...
.≈≈≈†......#
#.#.......###...####
.≈≈≈.≈.....###.........).....#
≈.≈............#.........#P.##
≈.≈.♣...#.P######...#...##..#
♣.......#.########..#P..###.#


You could see a seven-headed hydra.

Vanquished Creatures
  The ghost of MirrMurr the Spear-Bearer, a novice TeBe of Trog (D:10)
  Pikel (D:5)
  A hill giant (D:10)
  A komodo dragon (Lair:1)
  A two-headed ogre (D:10)
  5 blink frogs (Lair:1)
  A wraith (D:8)
  A basilisk (Lair:1)
  10 yaks (D:10)
  A hippogriff (Lair:1)
  A mottled dragon (D:8)
  4 water moccasins (Lair:1)
  2 ice beasts
  3 sky beasts
  5 orc warriors
  4 slaves (D:5)
  2 phantoms
  The ghost of shizyaka the Cudgeler, an amateur MiGl of Cheibriados (D:3)
  4 ogres
  4 centaurs
  3 giant frogs
  A gnoll sergeant (D:8)
  4 scorpions
  5 killer bees (D:9)
  2 electric eels (Lair:1)
  5 howler monkeys
  4 crimson imps
  A quasit (D:10)
  A centaur skeleton (D:4)
  A giant frog skeleton (D:6)
  A gnoll shaman (D:8)
  2 orc priests
  Crazy Yiuf (D:6)
  3 hounds
  3 jellies
  Terence (D:3)
  2 iguanas
  6 orc wizards
  4 worker ants
  A hound skeleton (D:7)
  A howler monkey zombie (D:10)
  8 gnolls
  7 river rats (Lair:1)
  3 adders
  A howler monkey skeleton (D:4)
  A shadow imp (D:8)
  3 oozes
  2 adder skeletons
  An adder zombie (D:5)
  A worm (D:2)
  7 giant geckos
  27 orcs
  6 bats
  7 giant cockroaches
  6 goblins
  7 hobgoblins
  8 jackals
  6 kobolds
  11 quokkas
  A ball python (D:3)
  7 giant newts
  A quokka skeleton (D:7)
  2 quokka zombies
  13 rats
  A fungus (Lair:1)
  A plant (D:4)
243 creatures vanquished.

Vanquished Creatures (others)
  A vampire (D:9)
  A fungus (Lair:1)
  A plant (D:4)
3 creatures vanquished.

Grand Total: 246 creatures vanquished

Notes
Turn   | Place    | Note
--------------------------------------------------------------
     0 | Abyss:1  | Gargoyl the Demonspawn Abyssal Knight began the quest for the Orb.
     0 | Abyss:1  | Reached XP level 1. HP: 18/18 MP: 2/2
    43 | Abyss:1  | Found a corrupted altar of Lugonu.
   170 | Abyss:2  | Noticed a bone dragon
   181 | Abyss:2  | Noticed a blink frog
   181 | Abyss:2  | Noticed a blink frog
   183 | Abyss:2  | Noticed a raiju
   186 | Abyss:2  | Noticed a blink frog
   194 | D:1      | Escaped the Abyss
   434 | D:1      | Reached skill level 2 in Armour
   650 | D:1      | Gained mutation: You are partially covered in sharp spines. [demonic ancestry]
   650 | D:1      | Reached XP level 2. HP: 24/24 MP: 3/3
   748 | D:1      | Reached * piety under Lugonu
   883 | D:1      | Reached skill level 1 in Dodging
  1017 | D:2      | Reached XP level 3. HP: 27/29 MP: 4/4
  1116 | D:2      | Found a faded altar to an unknown god.
  1289 | D:2      | Reached ** piety under Lugonu
  1622 | D:1      | Reached skill level 3 in Armour
  1622 | D:1      | Reached XP level 4. HP: 26/37 MP: 5/5
  2443 | D:3      | Noticed shizyaka's ghost (amateur MiGl)
  2632 | D:3      | Gained mutation: You are mostly covered in sharp spines. [demonic ancestry]
  2632 | D:3      | Reached XP level 5. HP: 42/42 MP: 7/7
  2748 | D:3      | Killed shizyaka's ghost
  2748 | D:3      | Reached skill level 4 in Armour
  2916 | D:3      | Found a bloodstained altar of Trog.
  2956 | D:3      | Noticed Terence
  2966 | D:3      | Killed Terence
  3289 | D:4      | Gained mutation: You regenerate a little health from kills. [demonic ancestry]
  3289 | D:4      | Reached XP level 6. HP: 48/48 MP: 8/8
  3347 | D:4      | Reached *** piety under Lugonu
  3379 | D:4      | Found a white marble altar of Elyvilon.
  3386 | D:4      | Reached skill level 5 in Armour
  3402 | D:4      | Found a staircase to the Ecumenical Temple.
  3485 | D:4      | Reached XP level 7. HP: 48/54 MP: 9/9
  4056 | D:4      | Reached skill level 6 in Armour
  4203 | D:5      | Entered Level 5 of the Dungeon
  4233 | D:5      | Found a radiant altar of Vehumet.
  4233 | D:5      | Found a sacrificial altar of Ru.
  4267 | D:5      | Noticed Pikel
  4282 | D:5      | Killed Pikel
  4282 | D:5      | Reached skill level 7 in Armour
  4282 | D:5      | Gained mutation: You have a pair of small antennae on your head. [demonic ancestry]
  4282 | D:5      | Reached XP level 8. HP: 26/61 MP: 10/10
  4447 | D:5      | Reached skill level 5 in Fighting
  4524 | D:5      | Found a shimmering altar of Xom.
  4908 | D:6      | Found Eserome's Assorted Antiques.
  4979 | D:6      | Bought a brightly glowing glass ring for 145 gold pieces
  4980 | D:6      | Identified the ring "Ewigrem" {rF+ MP+9} (You bought it in a shop on level 6 of the Dungeon)
  5132 | D:6      | Found a shattered altar of Ashenzari.
  5177 | D:6      | Reached skill level 8 in Armour
  5297 | D:6      | Found an opulent altar of Gozag.
  5616 | D:6      | Noticed Crazy Yiuf
  5618 | D:6      | Killed Crazy Yiuf
  5618 | D:6      | Reached **** piety under Lugonu
  5947 | D:6      | Reached XP level 9. HP: 54/68 MP: 11/11
  6655 | D:8      | Reached skill level 9 in Armour
  6710 | D:8      | Reached skill level 5 in Axes
  6778 | D:8      | Reached ***** piety under Lugonu
  7049 | D:8      | Found a blossoming altar of Fedhas.
  7049 | D:8      | Found a sparkling altar of Nemelex Xobeh.
  7050 | D:8      | Found a glowing golden altar of the Shining One.
  7176 | D:9      | Reached skill level 10 in Armour
  7196 | D:9      | Gained mutation: You have a pair of antennae on your head. [potion of mutation]
  7196 | D:9      | Gained mutation: You have large cloven feet. [potion of mutation]
  7201 | D:9      | Gained mutation: You passively map a small area around you. [potion of beneficial mutation]
  7492 | D:9      | Gained mutation: You have a pair of large antennae on your head (SInv). [demonic ancestry]
  7492 | D:9      | Reached XP level 10. HP: 68/77 MP: 12/12
  7786 | D:9      | Gained mutation: Your movements are slightly less encumbered by armour (ER -2). [potion of mutation]
  7786 | D:9      | Gained mutation: Your spells are a little easier to cast, but a little less powerful. [potion of mutation]
  7786 | D:9      | Lost mutation: You passively map a small area around you. [potion of mutation]
  7787 | D:9      | Gained mutation: Scrolls take you a little longer to read. [potion of mutation]
  7787 | D:9      | Gained mutation: You evolve. [potion of mutation]
  7788 | D:9      | Gained mutation: Your movements are less encumbered by armour (ER -4). [potion of mutation]
  7788 | D:9      | Lost mutation: Your spells are a little easier to cast, but a little less powerful. [potion of mutation]
  7788 | D:9      | Gained mutation: You tend to lose your temper in combat. [potion of mutation]
  7905 | D:10     | Entered Level 10 of the Dungeon
  7905 | D:10     | Noticed MirrMurr's ghost (novice TeBe)
  8255 | D:10     | Killed MirrMurr's ghost
  8484 | D:10     | Found Zuighu's Book Shop.
  8500 | D:10     | Noticed a hill giant
  8507 | D:10     | Killed a hill giant
  8507 | D:10     | Reached skill level 11 in Armour
  9053 | D:10     | Gained mutation: You rapidly evolve. [mutagenic meat]
  9055 | D:10     | Gained mutation: You passively map a small area around you. [mutagenic meat]
  9057 | D:10     | Lost mutation: You tend to lose your temper in combat. [mutagenic meat]
  9058 | D:10     | Gained mutation: You have hoof-like feet. [mutagenic meat]
  9088 | D:10     | Found a staircase to the Lair.
  9552 | Lair:1   | Entered Level 1 of the Lair of Beasts
  9610 | Lair:1   | Gained mutation: You passively map the area around you. [evolution]
  9821 | Lair:1   | Gained mutation: You regenerate health from kills. [demonic ancestry]
  9821 | Lair:1   | Reached XP level 11. HP: 86/86 MP: 13/13
 10048 | Lair:1   | Reached skill level 1 in Stealth
 10054 | Lair:1   | Noticed Gastronok
 10307 | Lair:1   | Reached skill level 5 in Invocations
 10335 | Lair:1   | Noticed an eight-headed hydra
 10339 | Lair:1   | HP: 2/86 [seven-headed hydra (6)]
 10344 | Lair:1   | Slain by a seven-headed hydra

Skill      XL: |  1  2  3  4  5  6  7  8  9 10 11 |
---------------+----------------------------------+-----
Armour         | 2 3 4 5 7 8 10 11 | 11.8
Dodging        | 1 2 3 |  3.9
Axes           | 2 3 4 5 6 7 |  7.2
Fighting       | 4 5 6 7 |  7.9
Invocations    | 3 5 |  5.0
Stealth        | 1 |  1.0
Evocations     | |  0.4

Action                   |  1- 3 |  4- 6 |  7- 9 | 10-12 || total
-------------------------+-------+-------+-------+-------++-------
Melee: Hand axe          |    63 |    26 |       |       ||    89
       War axe           |       |    73 |    67 |       ||   140
       Battleaxe         |       |       |   106 |   101 ||   207
       Kick              |       |       |     1 |    25 ||    26
Invok: Depart the Abyss  |     1 |       |       |       ||     1
       Banish            |       |       |     1 |     5 ||     6
Evoke: Wand              |       |       |       |     5 ||     5
  Use: Scroll            |       |     1 |    16 |     4 ||    21
       Potion            |       |       |     7 |     7 ||    14
  Eat: Chunk             |     1 |     7 |    13 |     8 ||    29
       Fruit             |       |       |       |     9 ||     9
       Pizza             |       |       |       |     1 ||     1
Armor: Chain mail        |    57 |    44 |    27 |       ||   128
       Plate armour      |       |       |   120 |    83 ||   203
Dodge: Dodged            |    29 |    29 |   102 |    72 ||   232
